 Dungeon Sprint DCSS version 0.29.1-15-g9cfb28693d (webtiles) character file.

Game seed: 9837159398698337724

84 Iago the Fighter (level 6, 2/66 HPs)
             Began as a Minotaur Fighter on Feb 24, 2023.
             Got out of the dungeon alive.
             The game lasted 00:04:30 (371 turns).

Iago the Fighter (Minotaur Fighter)                  Turns: 371, Time: 00:04:31

Health: 2/66       AC: -5    Str: 23    XL:     6   Next: 54%
Magic:  5/5        EV: 10    Int:  5    God:
Gold:   245        SH:  5    Dex:  9    Spells: 5/5 levels left

rFire   . . .      SeeInvis .   a - +0 war axe (drain)
rCold   . . .      Faith    .   c - +0 buckler
rNeg    . . .      Spirit   .   b - +0 scale mail
rPois   +          Reflect  .   (helmet restricted)
rElec   .          Harm     .   o - +1 cloak {rPois}
rCorr   .          Rampage  .   (no gloves)
Will    .....      NoTele   +   (no boots)
Stlth   ..........              (no amulet)
HPRegen 0.21/turn               (no ring)
MPRegen 0.09/turn               (no ring)

@: corroded
A: horns 2, retaliatory headbutt
a: no special abilities


You escaped.
You visited 1 branch You collected 340 gold pieces.
You spent 95 gold pieces at shops.

Inventory:

Hand Weapons
 a - a +0 war axe of draining (weapon)
Armour
 b - a +0 scale mail (worn)
 c - a +0 buckler (worn)
 o - a +1 cloak of poison resistance (worn)
Wands
 l - a wand of acid (5)
 m - a wand of roots (5)
Scrolls
 j - 3 scrolls of blinking
 n - 3 scrolls of butterflies
Potions
 d - a potion of might
 e - a potion of curing
 f - 4 potions of heal wounds
 g - 4 potions of haste
 h - 2 potions of magic
 i - a potion of berserk rage
 k - a potion of resistance


   Skills:
 * Level 9.8 Fighting
 * Level 9.1 Axes
 + Level 8.9 Armour
 + Level 1.0 Dodging
 + Level 8.7 Shields


You had 5 spell levels left.
You didn't know any spells.
Your spell library was empty.

Dungeon Overview and Level Annotations

Branches:
Dungeon (1/1)

Altars:
Fedhas
Qazlal
Sif Muna
Trog
Uskayaw
Vehumet
Wu Jian
Xom
Lugonu

Shops:
D ??:(


Innate Abilities, Weirdness & Mutations

You have a pair of horns on your head.
You reflexively headbutt those who attack you in melee.


Message History

The iron imp shouts, "Scamper hence, thou weedy toad-spotted walking sirloin!"
You hit the iron imp.
The iron imp is severely wounded.
An iron imp comes into view.
The iron imp shouts, "Face thy fugue, thou vain weeb-spouting horn-beast!"
You slash the rust devil!
You headbutt the rust devil, but do no damage.
The rust devil is moderately wounded.
You hit the rust devil but do no damage.
You block the rust devil's attack.
You hit the rust devil. Your headbutt misses the rust devil.
The rust devil is moderately wounded.
You barely miss the rust devil. The rust devil completely misses you.
The rust devil hits you! The rust devil corrodes you!
You hit the rust devil.
The rust devil is moderately wounded.
You hit the rust devil but do no damage.
The rust devil hits you. The rust devil corrodes you! The rust devil hits you.
* * * LOW HITPOINT WARNING * * *
The rust devil corrodes you!
You slice the rust devil!!
You headbutt the rust devil, but do no damage.
The rust devil is almost dead.
You hit the rust devil but do no damage.
You block the rust devil's attack. The rust devil hits you!
* * * LOW HITPOINT WARNING * * *
The rust devil corrodes you!
You hit the rust devil but do no damage.
You headbutt the rust devil, but do no damage.
The rust devil is almost dead.
You barely miss the rust devil. The rust devil hits you.
* * * LOW HITPOINT WARNING * * *
The rust devil corrodes you! The rust devil hits you.
* * * LOW HITPOINT WARNING * * *
The rust devil corrodes you!
Blink to where?
Press: ? - help, Dir - move target
As you read the scroll of blinking, it crumbles to dust.
Are you sure you want to leave the Dungeon?
This will make you lose the game!
You have escaped!

#_.)..).._#
###.....[...###
#⌠...........⌠#
#####.8.........8.###
._._..54).###......_._
.....55.8.# #.8.......
........4.###..........
.......###...###.......
......5 #.@.# .......
....... #...# ......
....... ..###.. ....
........8. .8.. ...
...... ...... #.8..
...8.# #⌠... ....⌠#
###. .###


You could see 2 rust devils and 2 iron imps.

Vanquished Creatures
  A phantom (D)
  A necrophage (D)
  A gnoll sergeant (D)
  2 wights (D)
  Crazy Yiuf (D)
  An iron imp (D)
  A gnoll bouda (D)
  A gnoll (D)
  2 adder zombies (D)
  2 bat skeletons (D)
  A bat zombie (D)
14 creatures vanquished.

Notes
Turn   | Place    | Note
-------+----------+-------------------------------------------
     0 | D        | Iago the Minotaur Fighter began the quest for the Orb.
     0 | D        | Reached XP level 1. HP: 19/19 MP: 0/0
     4 | D        | Found a blossoming altar of Fedhas.
     4 | D        | Found a bloodstained altar of Trog.
     5 | D        | Round 1.
     6 | D        | Found a shimmering blue altar of Sif Muna.
     6 | D        | Found an ornate altar of the Wu Jian Council.
     7 | D        | Found a radiant altar of Vehumet.
     7 | D        | Found a corrupted altar of Lugonu.
     7 | D        | Found Vuodania's Staff Store.
     7 | D        | Found Suydwix's Magic Scroll Shop.
     8 | D        | Found Uzitav's Must-Have Magic.
     8 | D        | Found Rizxaull's Magic Scroll Shop.
     9 | D        | Found a shimmering altar of Xom.
    10 | D        | Noticed a gnoll sergeant
    17 | D        | Killed a gnoll sergeant
    18 | D        | Reached skill level 5 in Fighting
    18 | D        | Reached skill level 5 in Armour
    18 | D        | Reached skill level 5 in Shields
    18 | D        | Reached XP level 2. HP: 11/30 MP: 1/1
    18 | D        | Reached XP level 3. HP: 13/37 MP: 2/2
    31 | D        | Bought a scroll of brand weapon for 95 gold pieces
    40 | D        | Noticed Crazy Yiuf
    42 | D        | Found a hide-covered altar of Uskayaw.
    46 | D        | Killed Crazy Yiuf
    47 | D        | Reached XP level 4. HP: 21/45 MP: 3/3
    82 | D        | Reached skill level 5 in Axes
   126 | D        | Arena points: 5 (+5) [x1]
   141 | D        | Round 2.
   142 | D        | Noticed a necrophage
   149 | D        | Killed a necrophage
   150 | D        | Reached XP level 5. HP: 34/53 MP: 4/4
   209 | D        | Arena points: 21 (+16) [x2]
   224 | D        | Round 3.
   225 | D        | Noticed a phantom
   240 | D        | Killed a phantom
   241 | D        | Reached XP level 6. HP: 19/63 MP: 5/5
   251 | D        | Found a stormy altar of Qazlal.
   254 | D        | Arena points: 84 (+63) [x3]
   302 | D        | Round 4.
   337 | D        | Reached skill level 1 in Dodging
   359 | D        | Noticed a rust devil
   359 | D        | Noticed a rust devil
   368 | D        | HP: 2/66 [rust devil (6)]
   371 | D        | Got out of the dungeon alive.

Illustrated notes

Levels and vault maps discovered:
D:        arena_sprint

Skill      XL: |  1  2  3  4  5  6 |
---------------+-------------------+-----
Fighting       | 5 6 8 9 |  9.8
Axes           | 4 6 8 9 |  9.1
Armour         | 5 6 8 |  8.9
Shields        | 5 6 7 8 |  8.7
Dodging        | 1 |  1.0

Action                   |  1- 3 |  4- 6 || total
-------------------------+-------+-------++-------
Melee: War axe           |     7 |    45 ||    52
       Headbutt          |     1 |    13 ||    14
  Use: Scroll            |     1 |     1 ||     2
Armor: Scale mail        |       |    19 ||    19
Dodge: Dodged            |     5 |    20 ||    25
Block: Buckler           |     1 |    13 ||    14
